 Dungeon Crawl Stone Soup version 0.32-a0-702-gc29ba85809 (webtiles) character file.

Game seed: 16755261801824014145

678286 Essalna the Metallomancer (level 27, 0/186 HPs)
             Began as a Gargoyle Earth Elementalist on Mar 14, 2024.
             Was the Champion of Vehumet.
             Killed from afar by a Hell Sentinel (40 damage)
             ... with damnation
             ... on level 2 of the Iron City of Dis.
             The game lasted 02:59:54 (72918 turns).

Essalna the Metallomancer (GrEE)                   Turns: 72918, Time: 02:59:54

Health: 0/186      AC: 23    Str: 21 (25) XL:     27
Magic:  28/51      EV: 11    Int: 41      God:    Vehumet [******]
Gold:   12065      SH:  9    Dex: 10      Spells: 13/56 levels left

rFire   + . .        O - staff "Nesh" {rPois Str+2 Int+4 SInv Stlth+ Alchemy}
rCold   . . .        b - +2 buckler {reflect}
rNeg    + + .        n - +0 pearl dragon scales of Follow the Leader {rPois rN+ Regen+ Str+3 Int+3}
rPois   ∞            D - +0 hat {Int+3}
rElec   +            (no cloak)
rCorr   .            R - +1 pair of gloves of Winter {Will+}
SInv    +            (no boots)
Will    +++..        H - amulet "Zoampus" {RegenMP+ Str+5}
Stlth   +            K - ring of Opamoeje {rF+ Int+4}
HPRegen 1.31/turn    U - ring of magical power
MPRegen 0.72/turn

%: reflection
@: on vortex cooldown, corroded, flying, studying Necromancy
A: sickness immunity, AC +20, big wings, negative energy resistance 1,
electricity resistance, torment resistance 1, petrification resistance,
inability to read after injury 1
}: 5/15 runes: decaying, serpentine, slimy, silver, obsidian
a: Renounce Religion


You were on level 2 of the Iron City of Dis.
You worshipped Vehumet.
Vehumet was exalted by your worship.
You visited 15 branches of the dungeon, and saw 65 of its levels.
You visited the Abyss 1 time.
You visited 1 bazaar.
You also visited: Trove, Bailey, Ice Cave and Desolation.

You collected 13518 gold pieces.
You spent 1453 gold pieces at shops.

Inventory:

Hand Weapons
 f - the +1 dagger of Maluk {pain, rPois rF+++ Str-2 Int-3}
   (You found it in a treasure trove)

   Str-2:     It affects your strength (-2).
   Int-3:     It affects your intelligence (-3).
   rF+++:     It renders you almost immune to fire.
   rPois:     It protects you from poison.
 v - the +6 Majin-Bo {spellvamp, MP+6 Int+6}
   (You took it off a balrug on level 7 of Gehenna)

   Int+6:     It affects your intelligence (+6).
   MP+6:      It affects your magic capacity (+6).
Armour
 b - a +2 buckler of reflection (worn)
 g - a +1 robe of resistance
 n - the +0 pearl dragon scales of Follow the Leader (worn) {rPois rN+ Regen+ Str+3 Int+3}
   (You took it off a yaktaur captain on level 5 of the Vaults)

   Str+3:     It affects your strength (+3).
   Int+3:     It affects your intelligence (+3).
   rPois:     It protects you from poison.
   rN+:       It protects you from negative energy.
   Regen+:    It increases your rate of health regeneration.
 D - a +0 hat of intelligence (worn)
 R - the +1 pair of gloves of Winter (worn) {Will+}
   (You found it on level 14 of the Dungeon)

   Will+:     It increases your willpower.
Magical Staves
 O - the staff "Nesh" (weapon) {rPois Str+2 Int+4 SInv Stlth+ Alchemy}
   (You found it on level 3 of the Crypt)

   [staff of alchemy]

   Base accuracy: +5 Base damage: 5 Base attack delay: 1.2 This weapon's minimum
   attack delay (0.6) is reached at skill level 12.
   Str+2:     It affects your strength (+2).
   Int+4:     It affects your intelligence (+4).
   rPois:     It protects you from poison.
   SInv:      It lets you see invisible.
   Stlth+:    It makes you more stealthy.
   Alchemy:   It increases the power of your Alchemy spells.
   It falls into the 'Staves' category.
   It is a one-handed weapon.
Jewellery
 i - the amulet of Irrepressible Laughter {Reflect rElec rN+ SH+5 SInv}
   (You took it off a guardian mummy on level 3 of the Crypt)

   [amulet of reflection]

   Reflect:   It reflects blocked missile attacks.
   rElec:     It insulates you from electricity.
   rN+:       It protects you from negative energy.
   SInv:      It lets you see invisible.
   SH+5:      It affects your SH (+5).
 s - the ring of the Tortoise {AC+8, A}
   (You took it off an orc in a bailey)

   [ring of protection]

   AC+8:      It affects your AC (+8).
 E - a ring of protection from fire
 H - the amulet "Zoampus" (around neck) {RegenMP+ Str+5}
   (You found it on level 14 of the Dungeon)

   [amulet of magic regeneration]

   It increases your rate of magic regeneration.
   Str+5:     It affects your strength (+5).
   RegenMP+:  It increases your rate of magic regeneration.
 K - the ring of Opamoeje (left hand) {rF+ Int+4}
   (You took it off a ragged hierophant in the Desolation of Salt)

   [ring of protection from fire]

   Int+4:     It affects your intelligence (+4).
   rF+:       It protects you from fire.
 L - the amulet of the Four Winds {rN+ Will+++ Clar}
   (You took it off a deep elf high priest on level 4 of the Vaults)

   [amulet of nothing]

   rN+:       It protects you from negative energy.
   Will+++:   It greatly increases your willpower.
   Clar:      It protects you from confusion, rage, mesmerisation and fear.
 N - a ring of protection from fire
 P - an amulet of regeneration
 U - a ring of magical power (right hand)
 X - the ring of Morality {Wiz Slay+4}
   (You found it in a treasure trove)

   [ring of wizardry]

   Wiz:       It improves your spell success rate.
   Slay+4:    It affects your accuracy & damage with ranged weapons and melee
   (+4).
 Z - the ring "Hoistykh" {Wiz ^Drain rN+ Int+2 Dex+3 Slay+5}
   (You found it in a treasure trove)

   [ring of wizardry]

   Wiz:       It improves your spell success rate.
   Int+2:     It affects your intelligence (+2).
   Dex+3:     It affects your dexterity (+3).
   Slay+5:    It affects your accuracy & damage with ranged weapons and melee
   (+5).
   rN+:       It protects you from negative energy.
   ^Drain:    It drains your maximum health when unequipped.
Wands
 y - a wand of charming (20)
 z - a wand of warping (59)
 G - a wand of light (18)
 J - a wand of digging (27)
Scrolls
 a - 2 scrolls of summoning
 j - 8 scrolls of immolation
 k - 10 scrolls of enchant armour
 l - 4 scrolls of blinking
 o - 17 scrolls of teleportation
 q - 5 scrolls of fear
 t - 4 scrolls of poison
 B - 5 scrolls of fog
 I - 7 scrolls of amnesia
 M - 6 scrolls of revelation
 Q - 28 scrolls of identify
 T - 2 scrolls of torment
 W - a scroll of brand weapon
Potions
 c - 5 potions of lignification
 d - 9 potions of haste
 h - 18 potions of curing
 m - 7 potions of enlightenment
 p - 12 potions of mutation
 r - 7 potions of cancellation
 u - 5 potions of magic
 w - 3 potions of resistance
 x - 2 potions of brilliance
 A - 3 potions of ambrosia
 C - 4 potions of heal wounds
 F - 2 potions of attraction
 S - 10 potions of might
 V - 7 potions of berserk rage
 Y - 4 potions of invisibility
Miscellaneous
 e - a condenser vane


   Skills:
 + Level 22.8 Fighting
 - Level 14.0 Armour
 - Level 8.0 Dodging
 - Level 2.1 Stealth
 - Level 16.0 Shields
 - Level 15.0 Spellcasting
 - Level 5.0 Conjurations
 - Level 24.0 Fire Magic
 - Level 23.0 Ice Magic
 - Level 4.0 Air Magic
 - Level 25.0 Earth Magic


You had 13 spell levels left.
You knew the following spells:

 Your Spells              Type           Power      Damage    Failure   Level
a - Sandblast             Erth           100%       2d20      0%          1
b - Stone Arrow           Conj/Erth      100%       3d13      0%          3
c - Freezing Cloud        Conj/Ice/Air   43%        6-21      1%          5
d - Permafrost Eruption   Ice/Erth       61%        2x4d17    0%          6
e - Shatter               Erth           62%        3d46*     2%          9
f - Polar Vortex          Ice            60%        12d8*     6%          9
g - Blink                 Tloc           60%        N/A       4%          2
h - Ignition              Fire           61%        3d17      1%          8

Your spell library contained the following spells:

 Spells                   Type           Power      Damage    Failure   Level
 Maxwell's Capacitive Co  Air            29%        ∞         99%         8
 Freeze                   Ice            100%       1d10      0%          1
 Scorch                   Fire           100%       2d9       0%          2
 Frozen Ramparts          Ice            100%       1d16      0%          3
 Ozocubu's Armour         Ice            100%       N/A       0%          3
 Passwall                 Erth           100%       N/A       0%          3
 Lee's Rapid Deconstruct  Erth           62%        3d29*     0%          5
 Kiss of Death            Conj/Necr      100%       2d13      1%          1
 Magic Dart               Conj           100%       1d8       1%          1
 Searing Ray              Conj           100%       2d8       1%          2
 Static Discharge         Conj/Air       100%       3-8/arc   1%          2
 Dazzling Flash           Conj/Hex       100%       N/A       1%          3
 Hailstorm                Conj/Ice       98%        3d15      1%          3
 Mephitic Cloud           Conj/Alch/Air  70%        N/A       1%          3
 Summon Ice Beast         Ice/Summ       90%        N/A       1%          3
 Swiftness                Air            59%        N/A       1%          3
 Volatile Blastmotes      Fire/Tloc      100%       2d18      1%          3
 Airstrike                Air            29%        2d(5-21)  1%          4
 Animate Armour           Summ/Erth      100%       N/A       1%          4
 Brom's Barrelling Bould  Conj/Erth      100%       2d11      1%          4
 Flame Wave               Conj/Fire      99%        2d21      1%          4
 Ignite Poison            Fire/Alch      100%       N/A       1%          4
 Leda's Liquefaction      Alch/Erth      58%        N/A       1%          4
 Petrify                  Alch/Erth      100%       N/A       1%          4
 Sticky Flame             Fire/Alch      100%       2d15      1%          4
 Metabolic Englaciation   Hex/Ice        45%        N/A       1%          5
 Ozocubu's Refrigeration  Ice            60%        4d20      1%          7
 Necrotise                Necr           100%       1d9       2%          1
 Slow                     Hex            100%       N/A       2%          1
 Fulminant Prism          Conj/Alch      33%        3d16      2%          4
 Iskenderun's Mystic Bla  Conj/Tloc      50%        2d11      2%          4
 Sculpt Simulacrum        Ice/Alch       56%        N/A       3%          6
 Call Imp                 Summ           60%        N/A       4%          2
 Lesser Beckoning         Tloc           60%        N/A       4%          2
 Olgreb's Toxic Radiance  Alch           46%        N/A       7%          4
 Irradiate                Conj/Alch      33%        3d22      7%          5
 Call Canine Familiar     Summ           30%        N/A       8%          3
 Fugue of the Fallen      Necr           30%        N/A       8%          3
 Gell's Gravitas          Tloc           30%        N/A       8%          3
 Sigil of Binding         Hex            30%        N/A       8%          3
 Teleport Other           Tloc           30%        N/A       8%          3
 Tukima's Dance           Hex            30%        N/A       8%          3
 Lehudib's Crystal Spear  Conj/Erth      50%        10d12     11%         8
 Summon Lightning Spire   Summ/Air       47%        N/A       12%         4
 Conjure Ball Lightning   Conj/Air       30%        3x3d10    17%         6
 Yara's Violent Unravell  Hex/Alch       23%        3d10      19%         5
 Anguish                  Hex/Necr       15%        N/A       26%         4
 Cause Fear               Hex            15%        N/A       26%         4
 Dimensional Bullseye     Hex/Tloc       15%        N/A       26%         4
 Dispel Undead            Necr           30%        3d14      26%         4
 Manifold Assault         Tloc           30%        N/A       26%         4
 Martyr's Knell           Necr/Summ      30%        N/A       26%         4
 Passage of Golubria      Tloc           30%        N/A       26%         4
 Silence                  Hex/Air        23%        N/A       32%         5
 Alistair's Intoxication  Alch           30%        N/A       58%         5
 Curse of Agony           Necr           30%        N/A       58%         5
 Summon Mana Viper        Hex/Summ       30%        N/A       58%         5
 Fire Storm               Conj/Fire      49%        8d13      83%         9
 Death Channel            Necr           15%        N/A       99%         6
 Dispersal                Tloc           15%        N/A       99%         6
 Summon Cactus Giant      Summ           15%        N/A       99%         6
 Enfeeble                 Hex            15%        N/A       100%        7
 Haunt                    Necr/Summ      15%        N/A       100%        7
 Malign Gateway           Summ/Tloc      15%        N/A       100%        7
 Monstrous Menagerie      Summ           15%        N/A       100%        7
 Summon Hydra             Summ           15%        N/A       100%        7
 Discord                  Hex            15%        N/A       100%        8
 Disjunction              Tloc           15%        N/A       100%        8
 Chain Lightning          Conj/Air       30%        3d40      100%        9
 Cigotuvi's Dreadful Rot  Necr/Alch/Air  Unusable   N/A       N/A         2
 Sublimation of Blood     Necr           Unusable   N/A       N/A         2

Dungeon Overview and Level Annotations

Branches:
Dungeon (15/15)            Temple (1/1) D:4            Lair (5/5) D:11
  Swamp (4/4) Lair:2        Snake (4/4) Lair:2        Slime (5/5) Lair:4
    Orc (2/2) D:11            Elf (3/3) Orc:2        Vaults (5/5) D:14
  Crypt (3/3) Vaults:2       Tomb (0/3) Crypt:3      Depths (4/4) D:15
   Hell (visited)             Dis (2/7) Hell            Geh (7/7) Hell
    Coc (0/7) Hell            Tar (4/7) Hell            Zot (0/5) Depths:4
 Bailey (visited)           IceCv (visited)         Desolation (visited)

Altars:
Ashenzari
Cheibriados
Dithmenos
Elyvilon
Fedhas
Gozag
Hepliaklqana
Kikubaaqudgha
Makhleb
Nemelex Xobeh
Okawaru
Qazlal
Ru
Sif Muna
Trog
Uskayaw
Vehumet
Wu Jian
Xom
Yredelemnul
Zin
The Shining One
Beogh
Jiyva

Shops:
D:1 (   Orc:1 ?   Orc:2 !(=(   Elf:1 (   Elf:2 *   Elf:3 [   Snake:3 :=:
Depths:1 *

Portals:
Hell: Depths:1 Depths:2 Depths:3 Depths:4
Abyss: Depths:1 Depths:3 Depths:4
Pandemonium: Depths:1 Depths:2 Depths:3
Ziggurat: Depths:2

Annotations:
D:3 1 runed translucent door, SkaryMonk's ghost, weakling CoGl
Snake:3 3 runed translucent doors, Gaocirph's ghost, adept MDMo


Innate Abilities, Weirdness & Mutations

You are immune to sickness and miasma.
Your stone body is resilient. (AC +20)
You are immune to poison.
Your large and strong wings let you fly.
You resist negative energy. (rN+)
You are resistant to electric shocks. (rElec)
You are resistant to unholy torment.
You are immune to petrification.
You occasionally lose the ability to read scrolls when taking damage.


Message History

Vehumet accepts your kill.
You feel your power returning.
You feel your dexterity returning.
Your life force feels restored.
You hear a loud squeak.
The winds around you start to calm down.
You feel ready to blink again.
An iron golem comes into view.
The iron golem squeaks loudly.
The iron golem enters a dispersal trap!
The Hell Sentinel blinks! x2
You blink.
The iron golem blinks!
Casting: Shatter (dangerous; 2% risk of failure)
Confirm with . or Enter, or press ? or * to list all spells.
Bitter cold erupts, blasting rock from the ceiling!
The mass of rock hits the iron golem!!
The iron golem is moderately damaged.
Piercing cold boils outward!
The piercing cold hits the iron golem.
The iron golem completely resists.
The iron golem is moderately damaged.
You are engulfed in whirling frost.
Casting: Permafrost Eruption (safe; 0% risk of failure)
Confirm with . or Enter, or press ? or * to list all spells.
The dungeon rumbles!
The Hell Sentinel is heavily wounded.
A door shatters!
The iron golem is heavily damaged.
Ka-crash!
You are engulfed in whirling frost.
A war gargoyle comes into view. It is wielding a +0 flail.
Casting: Shatter (dangerous; 2% risk of failure)
Confirm with . or Enter, or press ? or * to list all spells.
The dungeon rumbles!
The Hell Sentinel is severely wounded.
The iron golem is almost destroyed.
You destroy the war gargoyle!
Vehumet accepts your kill.
You feel your power returning.
Ka-crash!
The Hell Sentinel gestures at you.
The sphere of damnation explodes!
The damnation engulfs you!!!
You die...

#. #.######
#.#..#.###
##........#.
#......#...#.###
#####.....#∩......+
#.................#
#....1.@..#.....###
#.................
#......#.9.^...#
#........††...##
#......#.†..#..
#.##.....##.# . #
#... .. .. .... ..
).


You could see an iron golem and a Hell Sentinel.

Vanquished Creatures
  Asmodeus (Geh:7)
  the Royal Jelly (Slime:5)
  A dread lich (Vaults:4)
  2 ancient liches (Depths:2)
  Mara (Depths:1)
  Xtahua (Vaults:4)
  Josephina (Depths:4)
  Bai Suzhen (Crypt:2)
  5 caustic shrikes (Dis:2)
  Saint Roka (Vaults:5)
  A curse toe (Crypt:3)
  Vashnia (Snake:2)
  2 golden dragons (Vaults:5)
  Geryon (Hell)
  6 bone dragons
  4 profane servitors
  2 doom hounds
  7 Brimstone Fiends
  The ghost of hunmd the Evocator, an adept CoAr of Gozag (Swamp:2)
  6 hellephants
  A shard shrike zombie (Crypt:2)
  5 tentacled monstrosities
  A Tzitzimitl (Tar:2)
  7 liches
  Jorgrun (Elf:1)
  A walking crystal tome (Depths:4)
  Zenata (Vaults:4)
  2 tainted leviathans
  18 searing wretches
  2 deep elf blademasters (Elf:3)
  7 titans (Vaults:5)
  2 quicksilver dragons
  29 acid blobs
  4 sphinxes
  2 deep elf master archers (Elf:3)
  2 tentacled starspawn (Abyss:3)
  2 thorn hunters (Swamp:3)
  The ghost of PirateVox the Metamorph, an adept TrMo of Hepliaklqana (Elf:1)
  7 shadow dragons
  10 ancient champions
  Aizul (Snake:2)
  21 rockslimes
  9 tengu reavers
  3 revenants
  5 nagarajas (Snake:4)
  The ghost of Guquc the Mimic, a journeyman TrSh of Cheibriados (D:13)
  7 azure jellies
  Roxanne (Snake:4)
  3 storm dragons (Vaults:5)
  2 fenstrider witches
  8 frost giants
  18 balrugs
  9 deep elf sorcerers
  36 fire giants
  14 vault wardens
  The ghost of Riod the Placeless Oni, a journeyman OnCj of Sif Muna (D:14)
  4 quicksilver elementals
  A caustic shrike zombie (Crypt:3)
  6 deep elf elementalists
  2 juggernaut zombies
  8 iron dragons
  A spectral caustic shrike (Tar:3)
  2 imperial myrmidons (Desolation)
  5 ghouls
  A spectral juggernaut (Tar:2)
  4 curse skulls
  A ghost moth (Vaults:4)
  A draconian stormcaller (Depths:4)
  24 ironbound preservers
  An orc warlord (Vaults:2)
  A caustic shrike skeleton (Crypt:3)
  2 spriggan defenders
  2 cacodemons
  2 juggernaut skeletons
  14 stone giants
  4 formless jellyfish
  3 reapers (Hell)
  14 quicksilver oozes
  17 very ugly things
  3 ironbound thunderhulks
  6 eleionomae
  A black draconian (Depths:4)
  9 vampire knights
  6 bunyips
  2 white draconians
  4 putrid mouths
  10 deep elf death magi
  2 halazid warlocks (Desolation)
  3 deep elf demonologists (Elf:3)
  A yellow draconian (Depths:4)
  A lorocyproca (Hell)
  9 deep elf annihilators
  Azrael (Elf:1)
  9 spark wasps
  12 war gargoyles
  7 dire elephants
  A purple draconian (Depths:4)
  3 iron golems
  2 mummy priests (Crypt:3)
  6 eidola
  15 ettins
  15 fire dragons
  A blizzard demon (Hell)
  8 ragged hierophants (Desolation)
  12 jiangshi
  An entropy weaver (Vaults:1)
  3 crystal guardians
  3 spectral spriggans
  7 deep elf high priests
  A merfolk impaler (Depths:3)
  13 great orbs of eyes
  A spriggan zombie (Crypt:2)
  2 merfolk javelineers (Depths:3)
  A shambling mangrove (Swamp:3)
  24 yaktaur captains
  15 salamander tyrants
  22 hydras
  8 rakshasas
  10 peacekeepers
  41 vault guards
  9 ironbound frosthearts
  4 ghost crabs
  A catoblepas (Lair:4)
  6 servants of whispers
  The ghost of Demei the Fencer, a journeyman MfGl of Okawaru (D:14)
  3 spriggan air magi
  7 alligators
  8 centaur warriors
  10 ice dragons
  9 ogre magi
  6 anacondas
  8 stokers
  2 death knights
  28 dancing weapons
  2 spriggan skeletons
  2 boulder beetles
  43 hell hogs
  17 two-headed ogres
  2 tengu warriors
  Urug (D:12)
  9 deep troll earth magi
  11 deep troll shamans
  2 occultists
  15 death yaks
  12 naga warriors
  6 vampire magi
  3 shock serpents
  5 spriggan berserkers
  4 sun demons
  2 orc high priests
  13 naga sharpshooters
  7 hell knights
  19 deep elf knights
  A spectral dire elephant (Tar:1)
  Sonja (Orc:1)
  8 soul eaters
  Nergalle (D:11)
  7 iron trolls
  A sixfirhy (Depths:2)
  Amaemon (Lair:2)
  5 skysharks
  4 shadow wraiths
  2 spectral anacondas (Tar:1)
  2 spriggan druids
  Lodul (D:13)
  3 salamander mystics
  52 deep trolls
  A quicksilver dragon simulacrum (Depths:4)
  A spark wasp zombie (Depths:3)
  A shining eye (shapeshifter) (Vaults:5)
  33 skeletal warriors
  4 flayed ghosts (Crypt:3)
  5 goliath frogs
  An orb spider (shapeshifter) (Vaults:5)
  A glowing orange brain (shapeshifter) (Depths:2)
  8 sea snakes
  5 glowing orange brains
  3 naga ritualists (Snake:4)
  4 anaconda zombies
  13 deep elf archers
  5 mana vipers
  13 swamp dragons
  12 phantasmal warriors
  4 bog bodies
  2 harpies (shapeshifter)
  A spectral iron dragon (Tar:2)
  A bunyip skeleton (Crypt:3)
  10 orc knights
  10 thermic dynamos
  4 arcanists
  2 starcursed masses (Abyss:3)
  6 necromancers
  A wolf spider zombie (Crypt:2)
  3 harpies (Vaults:1)
  28 ironbound convokers
  A jorogumo zombie (Crypt:1)
  28 deep elf pyromancers
  2 golden dragon skeletons
  25 ugly things
  18 lindwurms
  7 shining eyes
  23 deep elf zephyrmancers
  4 orc sorcerers
  A stone giant zombie (Crypt:2)
  A sphinx simulacrum (Depths:4)
  4 oklob plants
  A fire giant skeleton (Crypt:2)
  29 black mambas
  A moth of wrath (shapeshifter) (D:15)
  4 will-o-the-wisps
  5 manticores
  Maurice (D:8)
  4 salamanders
  4 meliai
  A cyclops (D:14)
  9 rust devils (Hell)
  11 elephants
  2 kobold blastminers (Orc:2)
  A black mamba (shapeshifter) (D:13)
  5 guardian serpents
  12 naga magi
  An ice statue (Hell)
  15 vault sentinels
  A torpor snail (Lair:4)
  9 molten gargoyles
  3 unseen horrors
  5 eyes of devastation
  An orange demon (Lair:2)
  13 smoke demons
  A death yak zombie (Crypt:3)
  4 gargoyles
  A torpor snail (shapeshifter) (Elf:1)
  A red draconian zombie (Crypt:1)
  10 cane toads
  A centaur skeleton (Crypt:3)
  19 hellions
  9 rime drakes
  A rime drake (shapeshifter) (D:14)
  9 komodo dragons
  2 sea snake zombies (Hell)
  A komodo dragon (shapeshifter) (Vaults:4)
  4 kobold demonologists (D:13)
  3 efreet
  34 yaktaurs
  A golden dragon simulacrum (Depths:4)
  A spectral naga (Tar:3)
  3 ice devils (Hell)
  10 tormentors
  A queen bee (D:12)
  4 spectral harpies
  9 trolls
  A bloated husk (Swamp:2)
  2 merfolk (shapeshifter) (Elf:1)
  2 hydra zombies (Hell)
  8 guardian mummies (Crypt:3)
  An ancient zyme (Abyss:3)
  A tengu simulacrum (Depths:4)
  5 tyrant leeches
  15 hornets
  6 polar bears
  Prince Ribbit (D:8)
  A harpy skeleton (Crypt:2)
  61 saltlings
  8 blink frogs
  An ettin zombie (Crypt:1)
  2 dream sheep (shapeshifter)
  A hydra skeleton (Hell)
  6 dream sheep (Lair:4)
  4 glass eyes
  4 air elementals
  2 centaur simulacra
  An ushabti (Crypt:3)
  A shadow (D:9)
  22 water elementals
  2 small abominations (Abyss:3)
  A spriggan (shapeshifter) (D:9)
  11 spriggans
  A dire elephant simulacrum (Crypt:3)
  A ynoxinul (Abyss:3)
  3 wyverns
  3 wraiths
  104 slime creatures
  5 fire elementals
  37 yaks
  2 vampires
  An ice dragon skeleton (Crypt:1)
  2 neqoxecs (Abyss:3)
  A golden eye (Slime:5)
  Grum (D:8)
  3 basilisks
  A fire bat (shapeshifter) (Elf:1)
  5 wargs
  2 redbacks (Vaults:1)
  7 steam dragons
  A glowing shapeshifter zombie (Crypt:1)
  15 vampire mosquitoes
  A harpy simulacrum (D:13)
  3 acid dragons
  36 nagas
  A swamp worm (shapeshifter) (Elf:1)
  19 swamp worms
  2 hydra simulacra (Hell)
  7 water moccasins
  A hell hound (Elf:1)
  A sky beast (shapeshifter) (Elf:1)
  26 laughing skulls
  27 orc warriors
  8 swamp drakes
  A sky beast (D:6)
  2 black bears
  5 boggarts (D:14)
  25 wolves
  A black bear (shapeshifter) (Elf:1)
  29 ogres
  14 centaurs
  A hog zombie (Crypt:2)
  A manticore skeleton (Crypt:1)
  A rime drake zombie (Crypt:3)
  3 phantoms
  12 kobold brigands
  Blork the orc (D:5)
  4 earth elementals
  2 gnoll sergeants
  2 scorpions (D:5)
  10 bullfrogs
  A yak zombie (Crypt:2)
  A water moccasin skeleton (Crypt:3)
  27 killer bees
  A yak skeleton (Crypt:3)
  A polar bear skeleton (Crypt:2)
  4 electric eels
  4 hounds
  11 orc priests
  A bombardier beetle (D:5)
  13 jellies (Lair:4)
  3 human skeletons (Crypt:1)
  6 iguanas
  11 orc wizards
  26 hell rats
  A sky beast zombie (Crypt:3)
  A naga zombie (Crypt:2)
  A deep dwarf skeleton (Crypt:3)
  12 gnolls
  9 river rats
  8 adders
  2 shadow imps (D:7)
  15 white imps
  2 ufetubi (D:5)
  2 dart slugs (D:2)
  5 ribbon worms
  72 orcs
  6 ball pythons
  6 bats
  A bat zombie (Crypt:1)
  8 endoplasms
  4 giant cockroaches
  12 goblins
  10 hobgoblins
  18 kobolds
  A quokka (D:5)
  A ball python zombie (Crypt:3)
  4 frilled lizards
  A frilled lizard skeleton (Crypt:2)
  A jackal zombie (Crypt:3)
  4 rats
  A spectral hobgoblin (D:3)
  4 creeping infernos
2573 creatures vanquished.

Vanquished Creatures (collateral kills)
  A centaur (D:7)
  An orc (D:7)
2 creatures vanquished.

Vanquished Creatures (others)
  A dread lich (Vaults:5)
  A vampire knight (Depths:2)
  2 swamp drakes (Swamp:4)
  A wolf (IceCv)
  6 foxfires
  4 starspawn tentacles (Abyss:3)
15 creatures vanquished.

Grand Total: 2590 creatures vanquished

Notes
Turn   | Place    | Note
-------+----------+-------------------------------------------
     0 | D:1      | Essalna the Gargoyle Earth Elementalist began the quest for
                  | the Orb.
     0 | D:1      | Reached XP level 1. HP: 10/10 MP: 3/3
    14 | D:1      | Found Duber's Armour Emporium.
   153 | D:1      | Reached XP level 2. HP: 15/15 MP: 1/5
   320 | D:1      | Reached skill level 4 in Earth Magic
   412 | D:1      | Found Ymuh's Weapon Boutique.
   475 | D:1      | Found a faded altar of an unknown god.
   711 | D:1      | Reached XP level 3. HP: 19/19 MP: 4/6
  1477 | D:2      | Reached XP level 4. HP: 24/24 MP: 6/8
  1942 | D:3      | Found a runed translucent door.
  1942 | D:3      | Noticed SkaryMonk's ghost (weakling CoGl)
  1948 | D:3      | Found a blossoming altar of Fedhas.
  2736 | D:3      | Found a hazy altar of Hepliaklqana.
  2875 | D:4      | Reached XP level 5. HP: 28/28 MP: 6/9
  2880 | D:4      | Learned a level 3 spell: Stone Arrow
  2947 | D:4      | Noticed a phantom
  2952 | D:4      | Killed a phantom
  2953 | D:4      | Reached skill level 5 in Earth Magic
  3046 | D:4      | Reached XP level 6. HP: 32/32 MP: 8/11
  3380 | D:4      | Found a staircase to the Ecumenical Temple.
  3415 | Temple   | Entered the Ecumenical Temple
  3429 | Temple   | Became a worshipper of Vehumet
  3492 | D:5      | Entered Level 5 of the Dungeon
  3552 | D:5      | Noticed Blork the orc
  3557 | D:5      | Killed Blork the orc
  3671 | D:5      | Reached skill level 6 in Earth Magic
  3671 | D:5      | Reached XP level 7. HP: 36/36 MP: 10/13
  3835 | D:5      | Reached skill level 5 in Conjurations
  3887 | D:5      | Reached skill level 5 in Spellcasting
  3887 | D:5      | Reached skill level 7 in Earth Magic
  3948 | D:5      | Reached XP level 8. HP: 42/42 MP: 12/15
  4067 | D:5      | Reached skill level 1 in Fighting
  4142 | D:5      | Reached skill level 1 in Armour
  4184 | D:5      | Reached skill level 1 in Shields
  4313 | D:5      | Found an iron altar of Okawaru.
  4600 | D:6      | Noticed a komodo dragon
  4603 | D:6      | Killed a komodo dragon
  5049 | D:6      | Reached XP level 9. HP: 49/49 MP: 14/17
  5454 | D:6      | Reached * piety under Vehumet
  5454 | D:6      | Offered knowledge of Magic Dart by Vehumet.
  5455 | D:6      | Reached skill level 8 in Earth Magic
  5793 | D:7      | Found a shimmering blue altar of Sif Muna.
  5812 | D:7      | Noticed a hornet
  5816 | D:7      | Killed a hornet
  6165 | D:7      | Found a flagged portal.
  6167 | D:7      | Offered knowledge of Mercury Vapours by Vehumet.
  6172 | Bailey   | Entered a bailey
  6196 | Bailey   | Reached ** piety under Vehumet
  6812 | Bailey   | Reached skill level 9 in Earth Magic
  6865 | Bailey   | Reached skill level 5 in Fighting
  6865 | Bailey   | Reached skill level 5 in Armour
  6947 | Bailey   | Reached skill level 5 in Shields
  6947 | Bailey   | Reached XP level 10. HP: 59/59 MP: 14/19
  8004 | D:7      | Found a hide-covered altar of Uskayaw.
  8303 | D:8      | Noticed Prince Ribbit
  8305 | D:8      | Offered knowledge of Frozen Ramparts by Vehumet.
  8308 | D:8      | Killed Prince Ribbit
  8309 | D:8      | Noticed Maurice
  8316 | D:8      | Noticed Grum
  8344 | D:8      | Reached skill level 10 in Earth Magic
  8346 | D:8      | Reached *** piety under Vehumet
  8440 | D:8      | Killed Grum
  8515 | D:8      | Killed Maurice
  8663 | D:8      | Found a sacrificial altar of Ru.
  8757 | D:8      | Found a shadowy altar of Dithmenos.
  8912 | D:8      | Found a glowing silver altar of Zin.
  9387 | D:8      | Learned a level 5 spell: Freezing Cloud
  9412 | D:9      | Offered knowledge of Inner Flame by Vehumet.
  9413 | D:9      | Reached XP level 11. HP: 52/67 MP: 13/20
  9414 | D:9      | Reached skill level 1 in Ice Magic
  9419 | D:9      | Reached skill level 1 in Air Magic
  9509 | D:9      | Noticed a two-headed ogre
  9516 | D:9      | Killed a two-headed ogre
  9572 | D:9      | Noticed a two-headed ogre
  9575 | D:9      | Killed a two-headed ogre
  9764 | D:9      | Noticed a cyan ugly thing
  9764 | D:9      | Noticed a tengu warrior
  9803 | D:8      | Killed a cyan ugly thing
  9906 | D:9      | Killed a tengu warrior
  9980 | D:9      | Found a basalt altar of Yredelemnul.
 10077 | D:9      | Noticed a two-headed ogre
 10081 | D:9      | Killed a two-headed ogre
 10259 | D:9      | Noticed a boulder beetle
 10260 | D:9      | Noticed a boulder beetle
 10500 | D:9      | Identified the +4 hand axe of Dissatisfaction {flame, Int+4
                  | SInv}
 10607 | D:9      | Killed a boulder beetle
 10771 | D:9      | Noticed a manticore
 10779 | D:9      | Reached **** piety under Vehumet
 10784 | D:9      | Killed a manticore
 10958 | D:10     | Entered Level 10 of the Dungeon
 11119 | D:10     | Offered knowledge of Hailstorm by Vehumet.
 11152 | D:10     | Reached XP level 12. HP: 75/75 MP: 18/21
 11223 | D:10     | Noticed a centaur warrior
 11231 | D:10     | Killed a centaur warrior
 11655 | D:11     | Noticed a two-headed ogre
 11659 | D:11     | Killed a two-headed ogre
 11804 | D:11     | Noticed a death yak
 11936 | D:11     | Found a staircase to the Orcish Mines.
 12028 | D:11     | Noticed Nergalle
 12029 | D:11     | Noticed a tengu warrior
 12033 | D:11     | Killed Nergalle
 12042 | D:11     | Killed a tengu warrior
 12043 | D:11     | Reached skill level 5 in Ice Magic
 12181 | D:11     | Killed a death yak
 12232 | D:11     | Found a staircase to the Lair.
 12266 | D:11     | Found a snail-covered altar of Cheibriados.
 12512 | D:11     | Noticed an ogre mage
 12519 | D:11     | Killed an ogre mage
 12915 | Orc:1    | Entered Level 1 of the Orcish Mines
 13160 | Orc:1    | Found a roughly hewn altar of Beogh.
 13164 | Orc:1    | Reached ***** piety under Vehumet
 13279 | Orc:1    | Offered knowledge of Fireball by Vehumet.
 13310 | Orc:1    | Noticed Sonja
 13316 | Orc:1    | Killed Sonja
 13471 | Orc:1    | Found Xag Xele's Magic Scroll Shoppe.
 13482 | Orc:1    | Bought a scroll of acquirement for 624 gold pieces
 13665 | Orc:1    | Acquired the Codex of the Gargoyle
 13676 | Orc:1    | Learned a level 6 spell: Permafrost Eruption
 13688 | Orc:2    | Entered Level 2 of the Orcish Mines
 13754 | Orc:2    | Reached skill level 10 in Fighting
 13830 | Orc:2    | Noticed a two-headed ogre
 13830 | Orc:2    | Noticed a two-headed ogre
 13830 | Orc:2    | Noticed a two-headed ogre
 13843 | Orc:2    | Killed a two-headed ogre
 13844 | Orc:2    | Reached skill level 10 in Armour
 13907 | Orc:2    | Reached skill level 10 in Shields
 13933 | Orc:2    | Killed a two-headed ogre
 13970 | Orc:2    | Reached XP level 13. HP: 82/82 MP: 7/22
 14016 | Orc:2    | Reached skill level 11 in Earth Magic
 14222 | Orc:2    | Paralysed by an ogre mage for 5 turns
 14248 | Orc:2    | Found a frozen archway.
 14252 | Orc:2    | Found a staircase to the Elven Halls.
 14262 | IceCv    | Entered an ice cave
 15081 | Orc:2    | Found Vivaawn's Jewellery Shoppe.
 15081 | Orc:2    | Found Rofiv's Antique Weapon Shop.
 15083 | Orc:2    | Found Bocarr's Distillery.
 15083 | Orc:2    | Found Taigoq's Weapon Shoppe.
 15084 | Orc:2    | Paralysed by an ogre mage for 4 turns
 15149 | Orc:2    | Reached skill level 12 in Earth Magic
 15406 | Orc:2    | Found Ubli's Distillery.
 15416 | Orc:2    | Bought a potion of heal wounds for 80 gold pieces
 15777 | Lair:1   | Entered Level 1 of the Lair of Beasts
 15842 | Lair:1   | Gained mutation: Your large and strong wings let you fly.
                  | [Gargoyle growth]
 15842 | Lair:1   | Reached XP level 14. HP: 82/91 MP: 16/23
 15920 | Lair:1   | Offered knowledge of Eringya's Noxious Bog by Vehumet.
 16703 | Lair:2   | Noticed Amaemon
 16712 | Lair:2   | Killed Amaemon
 16970 | Lair:2   | Found a staircase to the Snake Pit.
 17326 | Lair:2   | Found a staircase to the Swamp.
 17530 | Lair:2   | Found a blossoming altar of Fedhas.
 17888 | Lair:3   | Got the Tome of Septic Nephomancy
 17898 | Lair:3   | Reached skill level 13 in Earth Magic
 19781 | Lair:4   | Reached skill level 10 in Ice Magic
 20697 | Lair:4   | Found a staircase to the Slime Pits.
 20698 | Lair:4   | Found a viscous altar of Jiyva.
 20835 | Lair:4   | Reached XP level 15. HP: 93/98 MP: 4/24
 20838 | Lair:4   | Reached skill level 14 in Earth Magic
 20931 | Lair:4   | Reached ****** piety under Vehumet
 21312 | Lair:4   | Offered knowledge of Lee's Rapid Deconstruction by Vehumet.
 21514 | Lair:5   | Entered Level 5 of the Lair of Beasts
 22075 | Lair:5   | Identified the +1 robe of the Game Afoot {+Inv rC- Slay+4}
 22805 | Lair:5   | Got the Volume of the Geological Wendigo
 23689 | Swamp:1  | Entered Level 1 of the Swamp
 23696 | Swamp:1  | Noticed a fenstrider witch
 23698 | Swamp:1  | Killed a fenstrider witch
 23699 | Swamp:1  | Reached skill level 15 in Earth Magic
 25043 | Swamp:2  | Noticed a thorn hunter
 25183 | Swamp:2  | You are sucked into a shaft and drop 1 floor!
 25392 | Swamp:3  | Offered knowledge of Starburst by Vehumet.
 25393 | Swamp:3  | Reached XP level 16. HP: 107/107 MP: 21/27
 25398 | Swamp:2  | Noticed a thorn hunter
 25587 | Swamp:3  | Noticed a tentacled monstrosity
 25588 | Swamp:3  | Noticed a fenstrider witch
 25589 | Swamp:3  | Noticed a tentacled monstrosity
 25590 | Swamp:3  | Killed a fenstrider witch
 25819 | Swamp:3  | Killed a thorn hunter
 26514 | Swamp:2  | Found a runed translucent gate.
 26514 | Swamp:2  | Found a runed translucent gate.
 26514 | Swamp:2  | Found a runed translucent gate.
 26515 | Swamp:2  | Noticed hunmd's ghost (adept CoAr)
 26671 | Snake:1  | Entered Level 1 of the Snake Pit
 26918 | Snake:1  | Reached skill level 15 in Fighting
 26918 | Snake:1  | Reached skill level 16 in Earth Magic
 27329 | Snake:2  | Noticed Vashnia
 27723 | Snake:2  | Identified the serpent talisman "Itrileja" {MP+9 Str+3
                  | Int+4}
 27723 | Snake:2  | Noticed Aizul
 27747 | Snake:2  | Killed Aizul
 28029 | Snake:2  | Killed Vashnia
 28943 | Snake:3  | Offered knowledge of Arcjolt by Vehumet.
 29274 | Snake:3  | Found a runed translucent gate.
 29275 | Snake:3  | Found a runed translucent gate.
 29277 | Snake:3  | Found a runed translucent gate.
 29277 | Snake:3  | Noticed Gaocirph's ghost (adept MDMo)
 29816 | Snake:3  | Reached XP level 17. HP: 114/114 MP: 28/30
 30708 | Snake:3  | Found Rechig's Book Shoppe.
 30709 | Snake:3  | Found Jetugem's Jewellery Shop.
 30710 | Snake:3  | Found Ujejin's Book Shoppe.
 30723 | Snake:3  | Bought an amulet of magic regeneration for 390 gold pieces
 30862 | Snake:4  | Entered Level 4 of the Snake Pit
 30976 | Snake:4  | Reached skill level 17 in Earth Magic
 31293 | Snake:4  | Noticed Roxanne
 31578 | Snake:4  | Killed Roxanne
 32077 | Snake:4  | Reached skill level 10 in Spellcasting
 32370 | Snake:4  | Got a serpentine rune of Zot
 32891 | Swamp:2  | Killed hunmd's ghost
 32970 | Swamp:2  | Identified the +5 great sword "Hydraslayer" {protect, rElec
                  | Int+5}
 32981 | Swamp:2  | Identified the +0 cloak of Buel {rElec rPois rC+ Str-2}
 33304 | Swamp:3  | Reached skill level 18 in Earth Magic
 33372 | Swamp:3  | Offered knowledge of Iskenderun's Battlesphere by Vehumet.
 33373 | Swamp:3  | Killed a tentacled monstrosity
 33551 | Swamp:3  | Killed a tentacled monstrosity
 33649 | Swamp:4  | Entered Level 4 of the Swamp
 33762 | Swamp:4  | Reached XP level 18. HP: 120/120 MP: 30/32
 34299 | Swamp:4  | Reached skill level 15 in Ice Magic
 34633 | Swamp:4  | Got a decaying rune of Zot
 34646 | Swamp:4  | Noticed a tentacled monstrosity
 34651 | Swamp:4  | Killed a tentacled monstrosity
 34946 | Elf:1    | Entered Level 1 of the Elven Halls
 35098 | Elf:1    | Noticed Jorgrun
 35101 | Elf:1    | Killed Jorgrun
 35102 | Elf:1    | Reached skill level 19 in Earth Magic
 35302 | Elf:1    | Offered knowledge of Bombard by Vehumet.
 35380 | Elf:1    | Noticed Azrael
 35383 | Elf:1    | Killed Azrael
 35495 | Elf:1    | Got the Almanac of the Warrior-Mage
 35723 | Elf:1    | Found Soutumod's Weapon Shop.
 35837 | Elf:1    | Found a runed translucent gate.
 35837 | Elf:1    | Found a runed translucent gate.
 35837 | Elf:1    | Noticed PirateVox's ghost (adept TrMo)
 35838 | Elf:1    | Found a runed translucent gate.
 36168 | Elf:1    | Found a viscous altar of Jiyva.
 36196 | Elf:2    | Found Hubbemo's General Store.
 36394 | Elf:2    | Paralysed by an air elemental for 1 turns
 36397 | Elf:2    | Paralysed by an air elemental for 1 turns
 36530 | Elf:2    | Paralysed by an air elemental for 1 turns
 36560 | Elf:2    | Reached XP level 19. HP: 77/125 MP: 8/35
 36731 | Elf:2    | Found a runed translucent gate.
 36731 | Elf:2    | Found a runed translucent gate.
 36731 | Elf:2    | Found a runed translucent gate.
 36735 | Elf:2    | Identified the +9 scimitar of the Shallot {flame, rN+}
 36795 | Elf:2    | Offered knowledge of Fire Storm by Vehumet.
 36795 | Elf:2    | Offered knowledge of Polar Vortex by Vehumet.
 36795 | Elf:2    | Offered knowledge of Maxwell's Capacitive Coupling by
                  | Vehumet.
 37137 | Elf:3    | Entered Level 3 of the Elven Halls
 37138 | Elf:3    | Paralysed by an air elemental for 1 turns
 37401 | D:12     | Reached skill level 20 in Earth Magic
 37733 | D:12     | Noticed Urug
 37736 | D:12     | Killed Urug
 38855 | D:13     | Noticed Lodul
 38857 | D:13     | Killed Lodul
 38904 | D:13     | Found a shadowy altar of Dithmenos.
 39255 | D:13     | Found a runed translucent gate.
 39256 | D:13     | Found a runed translucent gate.
 39257 | D:13     | Found a runed translucent gate.
 39262 | D:13     | Noticed Guquc's ghost (journeyman TrSh)
 39281 | D:13     | Killed Guquc's ghost
 39367 | D:14     | Noticed Riod's ghost (journeyman OnCj)
 39368 | D:14     | Found a runed translucent gate.
 39368 | D:14     | Found an ancient bone altar of Kikubaaqudgha.
 39369 | D:14     | Found a runed translucent gate.
 39369 | D:14     | Found a runed translucent gate.
 39369 | D:14     | Noticed Demei's ghost (journeyman MfGl)
 39888 | D:14     | Identified the +2 leather armour "Wotiagg" {Int+6}
 39912 | D:14     | Learned a level 9 spell: Shatter
 39922 | D:14     | Learned a level 9 spell: Polar Vortex
 40431 | D:14     | Found a gate to the Vaults.
 40636 | Vaults:1 | Entered Level 1 of the Vaults
 40966 | Vaults:1 | Reached skill level 21 in Earth Magic
 40990 | Vaults:1 | Found a crumbling gateway.
 41002 | Desolati | Entered the Desolation of Salt
 41063 | Desolati | Reached XP level 20. HP: 42/131 MP: 15/37
 41439 | Desolati | Got the Omnibus of Breccia and Portals
 41444 | Desolati | Got the Spellbook of Location
 41539 | Desolati | Identified the +5 battleaxe of Checks and Balances {freeze,
                  | rC+ Dex+3 Stlth+}
 41539 | Desolati | Identified the ring of Opamoeje {rF+ Int+4}
 41689 | Desolati | Identified the +1 scale mail of Yesterday {Will+ Int+3
                  | Slay+3 Stlth+}
 41690 | Desolati | Identified the +5 plate armour "Dudoa" {rPois rN+ Regen+
                  | Str+2}
 41695 | Desolati | Identified the ring of Noumno {rN++ Str+4 SInv}
 41799 | Desolati | Identified the +1 ring mail "Dosiergh" {Dex+3 Slay+3}
 42071 | Vaults:1 | Reached skill level 22 in Earth Magic
 42072 | Abyss:3  | Cast into level 3 of the Abyss (ironbound preserver)
 42127 | Abyss:3  | Noticed a profane servitor
 42146 | Abyss:3  | Killed a profane servitor
 42221 | Vaults:1 | Escaped the Abyss
 42904 | Vaults:1 | Acquired 1024 gold pieces
 43156 | Vaults:2 | Found a flickering gateway to a bazaar.
 43165 | Bazaar   | Entered a bazaar
 43165 | Bazaar   | Found Taukunn's Assorted Antiques.
 43165 | Bazaar   | Found Ehadefeq's Weapon Shoppe.
 43166 | Bazaar   | Found Pyh Zod's Distillery.
 43166 | Bazaar   | Found Obryuffa's Weapon Emporium.
 43173 | Bazaar   | Bought a flickering lapis lazuli ring for 170 gold pieces
 43173 | Bazaar   | Identified the ring "Gir Wur" {rF+ Str+5 Dex-2} (You bought
                  | it in a shop in a bazaar)
 43179 | Bazaar   | Bought a potion of heal wounds for 45 gold pieces
 43179 | Bazaar   | Bought a potion of magic for 72 gold pieces
 43179 | Bazaar   | Bought a potion of ambrosia for 72 gold pieces
 43257 | Vaults:2 | You are sucked into a shaft and drop 2 floors!
 43261 | Vaults:4 | Reached skill level 23 in Earth Magic
 43709 | Vaults:3 | Reached XP level 21. HP: 105/136 MP: 26/38
 44330 | Vaults:2 | Got the Atlas of the Hexing Blizzard
 44517 | Vaults:2 | Reached skill level 24 in Earth Magic
 44761 | Vaults:2 | Found a staircase to the Crypt.
 44761 | Vaults:2 | Found an ancient bone altar of Kikubaaqudgha.
 44762 | Vaults:2 | Found a basalt altar of Yredelemnul.
 45721 | Vaults:3 | Learned a level 2 spell: Blink
 46089 | Vaults:4 | Noticed Zenata
 46094 | Vaults:4 | Killed Zenata
 46346 | Vaults:4 | Noticed a dread lich
 46352 | Vaults:4 | Killed a dread lich
 46353 | Vaults:4 | Reached skill level 25 in Earth Magic
 46357 | Vaults:4 | Reached XP level 22. HP: 96/142 MP: 12/39
 47315 | Vaults:5 | Entered Level 5 of the Vaults
 47318 | Vaults:5 | Noticed a golden dragon
 47321 | Vaults:5 | Noticed Xtahua
 47322 | Vaults:5 | Paralysed by Xtahua for 5 turns
 47328 | Vaults:5 | Killed a golden dragon
 47384 | Vaults:5 | Noticed a golden dragon
 47388 | Vaults:4 | Paralysed by Xtahua for 3 turns
 47393 | Vaults:4 | Killed Xtahua
 47526 | Vaults:5 | Killed a golden dragon
 47527 | Vaults:5 | Reached XP level 23. HP: 72/148 MP: 40/40
 47592 | Vaults:5 | Noticed Saint Roka
 47668 | Vaults:5 | Killed Saint Roka
 47671 | Vaults:5 | Noticed a dread lich
 47731 | Vaults:5 | Killed a dread lich
 47763 | Vaults:5 | Identified the +0 chain mail of the Six Runes {rF+ Int+3}
 48058 | Vaults:5 | Identified the +7 plate armour "Kascha" {Int+6 Slay+2}
 48118 | Vaults:5 | Identified the +0 pearl dragon scales of Follow the Leader
                  | {rPois rN+ Regen+ Str+3 Int+3}
 48248 | Vaults:5 | Identified the ring "Meesk" {rN+ Str+4}
 48258 | Vaults:5 | Got a silver rune of Zot
 48668 | Vaults:5 | Identified the staff of Broken Luck {*Slow rPois Int+4 SInv
                  | Alchemy}
 49092 | Vaults:4 | Learned a level 8 spell: Ignition
 49332 | Crypt:1  | Entered Level 1 of the Crypt
 49401 | Crypt:1  | Reached skill level 1 in Fire Magic
 49481 | Crypt:1  | Reached skill level 15 in Spellcasting
 50531 | Crypt:2  | Reached skill level 5 in Fire Magic
 50547 | Crypt:2  | Noticed Bai Suzhen
 50728 | Crypt:2  | Killed Bai Suzhen
 51175 | Crypt:2  | Found an ancient bone altar of Kikubaaqudgha.
 51689 | Crypt:3  | Entered Level 3 of the Crypt
 51707 | Crypt:3  | Reached XP level 24. HP: 157/157 MP: 16/42
 51970 | Crypt:3  | Reached skill level 10 in Fire Magic
 52181 | Crypt:3  | Identified the amulet of Irrepressible Laughter {Reflect
                  | rElec rN+ SH+5 SInv}
 52193 | Crypt:3  | Identified the +3 scale mail of Surprise {-Tele Harm rF-
                  | Int+6}
 52677 | Crypt:3  | Found a staircase to the Tomb.
 52738 | Crypt:3  | Noticed a curse toe
 52741 | Crypt:3  | Killed a curse toe
 52970 | Crypt:3  | Identified the +1 war axe of Zeiletep {flame, rPois MP+9
                  | Int-5 Stlth+}
 53125 | Crypt:3  | Found an ancient bone altar of Kikubaaqudgha.
 53131 | Crypt:3  | Found a basalt altar of Yredelemnul.
 53172 | Crypt:3  | Identified the staff "Nesh" {rPois Str+2 Int+4 SInv Stlth+
                  | Alchemy}
 53610 | D:14     | Killed Demei's ghost
 53611 | D:14     | Killed Riod's ghost
 53643 | D:14     | Identified the amulet "Woiry" {Acrobat Dex+5}
 53652 | D:14     | Identified the +1 pair of gloves of Winter {Will+}
 53667 | D:14     | Identified the amulet "Zoampus" {RegenMP+ Str+5}
 53684 | D:14     | Got the Incunabulum of Shades
 53740 | D:15     | Entered Level 15 of the Dungeon
 54101 | D:15     | Found a sparkling altar of Nemelex Xobeh.
 54209 | D:15     | Found a staircase to the Depths.
 54387 | D:15     | Acquired 826 gold pieces
 54587 | Depths:1 | Entered Level 1 of the Depths
 54613 | Depths:1 | Found a one-way gate to the infinite horrors of the Abyss.
 54620 | Depths:1 | Noticed Mara
 54624 | Depths:1 | Killed Mara
 54962 | Depths:1 | Reached skill level 15 in Fire Magic
 55203 | Depths:1 | Found a radiant altar of Vehumet.
 55261 | Depths:1 | Reached XP level 25. HP: 163/163 MP: 42/42
 55337 | Depths:1 | Found Seh Xethoimp's Gadget Gallery.
 55362 | Depths:1 | Found a gateway to Hell.
 55562 | Depths:1 | Found a one-way gate leading to the halls of Pandemonium.
 56261 | Depths:2 | Found a one-way gateway to a ziggurat.
 56602 | Depths:2 | Noticed an ancient lich
 56622 | Depths:2 | Killed an ancient lich
 56788 | Depths:2 | Noticed an ancient lich
 56809 | Depths:2 | Killed an ancient lich
 58311 | Depths:3 | Identified the +0 scale mail of the Chimera {rF++ Slay+5
                  | Stlth-}
 58376 | Depths:3 | Found a portal to a secret trove of treasure.
 59299 | Depths:3 | You paid a toll of a +6 demon whip to enter a treasure
                  | trove
 59300 | Trove    | Entered a treasure trove
 59307 | Trove    | Identified the +1 scale mail of the Blacksmith {-Tele Fly
                  | Will++}
 59314 | Trove    | Identified the ring of Morality {Wiz Slay+4}
 59326 | Trove    | Identified the ring "Hoistykh" {Wiz ^Drain rN+ Int+2 Dex+3
                  | Slay+5}
 59332 | Trove    | Identified the +1 dagger of Maluk {pain, rPois rF+++ Str-2
                  | Int-3}
 59570 | Depths:4 | Entered Level 4 of the Depths
 59616 | Depths:4 | Identified the ring "Kemeor" {Ice Str+2 Dex+2}
 59616 | Depths:4 | Noticed Josephina
 59625 | Depths:4 | Killed Josephina
 59699 | Depths:4 | Reached XP level 26. HP: 158/168 MP: 33/42
 60598 | Depths:4 | Found a gate to the Realm of Zot.
 61196 | Slime:1  | Entered Level 1 of the Pits of Slime
 61682 | Slime:2  | Gained mutation: You occasionally lose the ability to read
                  | scrolls when taking damage. [a shining eye]
 61837 | Slime:2  | You are sucked into a shaft and drop 1 floor!
 62819 | Slime:5  | Entered Level 5 of the Pits of Slime
 63470 | Slime:5  | Noticed the Royal Jelly
 63475 | Slime:5  | Killed the Royal Jelly
 63710 | Slime:5  | Found the +8 pair of quick blades "Gyre" and "Gimble"
                  | {protect}
 63721 | Slime:5  | Identified the +0 leather armour of the Trombone {Regen+
                  | Slay+5}
 63724 | Slime:5  | Identified the +2 dagger of Dominance {flame, *Noise Will+
                  | Str+8}
 63752 | Slime:5  | Identified the +0 scale mail of the Floral God {rElec}
 63759 | Slime:5  | Identified the ring "Ussyaf" {rC+ Str-5 Int+6 Dex+4}
 63765 | Slime:5  | Got a slimy rune of Zot
 63781 | Slime:5  | Identified the +5 chain mail of Cites {^Drain Str+5 Dex+3}
 63802 | Slime:5  | Identified the ring of Reimbursement {rPois rF+ Stlth+}
 64520 | Elf:1    | Killed PirateVox's ghost
 64523 | Elf:1    | Reached XP level 27. HP: 164/173 MP: 42/42
 65015 | Elf:2    | Identified the blade talisman of Lilacs {rPois Str-2 Dex+5
                  | Slay+6}
 65604 | Elf:3    | Found Jixuicec's Armour Emporium.
 65815 | Elf:3    | Identified the +2 arbalest "Xiocki" {freeze, rF+ Int+4}
 65815 | Elf:3    | Identified the +3 leather armour of Yptepn {rPois Dex+3}
 65991 | Elf:3    | Identified the staff of Sif Muna {rC+ SInv Tloc Ice}
 65996 | Elf:3    | Reached skill level 5 in Dodging
 66112 | Elf:3    | Found the +27 heavy crossbow "Sniper" {heavy, Acc+∞ SInv}
 66152 | Elf:3    | Identified the +6 chain mail of Dim Light {rN+ SInv}
 66156 | Elf:3    | Identified the +11 great mace of the Hierophant {freeze,
                  | rF+ Str+5 Stlth+}
 66768 | Hell     | Entered the Vestibule of Hell
 66768 | Hell     | Noticed Geryon
 66775 | Hell     | Killed Geryon
 67069 | Hell     | Found a gateway to the decaying netherworld of Tartarus.
 67242 | Hell     | Found a gateway to the freezing wastes of Cocytus.
 67366 | Hell     | Found a gateway to the Iron City of Dis.
 67461 | Hell     | Found a gateway to the ashen valley of Gehenna.
 67512 | Geh:1    | Entered Level 1 of Gehenna
 68136 | Geh:3    | Reached skill level 15 in Shields
 69930 | Geh:7    | Entered Level 7 of Gehenna
 70870 | Geh:7    | Found the +13 sceptre of Asmodeus
 70870 | Geh:7    | Noticed Asmodeus
 70885 | Geh:7    | Killed Asmodeus
 71183 | Geh:7    | Got the Anthology of Evil
 71188 | Geh:7    | Identified the ring "Qemerph" {rF++ rC+ MP-9 Stlth+}
 71190 | Geh:7    | Got an obsidian rune of Zot
 71653 | Tar:1    | Entered Level 1 of Tartarus
 71791 | Tar:1    | You are sucked into a shaft and drop 1 floor!
 72588 | Dis:1    | Entered Level 1 of the Iron City of Dis
 72918 | Dis:2    | Killed from afar by a Hell Sentinel

Illustrated notes

Levels and vault maps discovered:
D:1:      spicycebolla_arrival_xxxplode, layout_rooms, serial_shops,
          nicolae_shop_trees, nicolae_shop_bloodbath_and_beyond,
          chequers_ecumenical_altar_simple_redux, ebering_dispersal_statue_hall
D:2:      minmay_inner_zag, layout_basic, hangedman_decor_opposing
D:3:      layout_loops_ring, mainiacjoe_overflow_boulevard,
          nicolae_hepliaklqana_monster_ancestors, ebering_ghost_inner_flame,
          kennysheep_generic_room_16
D:4:      layout_cave_pools, minmay_temple_entry_fiery
D:5:      layout_loops_cross, okawaru_trees_1, minmay_misc_feat_x,
          nicolae_houndstooth_variations, uniq_blork_the_orc
D:6:      nicolae_cairo_tiling_large, layout_loops_corners
D:7:      layout_gridville, nicolae_sif_muna_condensation, old_standard_altar,
          enter_bailey_3
D:8:      layout_basic, mainiacjoe_overflow_cross_hatched,
          overflow_temple_1_default, nicolae_ru_awakened_eye, uniq_grum,
          uniq_prince_ribbit1, uniq_maurice
D:9:      layout_long_grid, nicolae_overflow_crystal_walls, serial_bayou_pond_a,
          minmay_shattered_shrine
D:10:     layout_small_grid
D:11:     kennysheep_big_flooded_room, layout_cave_pods, dpeg_lair_monsters,
          cheibrodos_worm_habitat, uniq_nergalle
D:12:     layout_layer_cave, minivault_7, uniq_urug
D:13:     layout_basic, gammafunk_ghost_nasty_kobolds,
          chequers_serial_rivers_micro_e, nicolae_dithmenos_shadow_blocks,
          uniq_lodul
D:14:     layout_basic, david_vaults_4, gammafunk_ghost_crypt
D:15:     hellmonk_depths_entry_around_the_bend, layout_loops_ring,
          nemelex_xobeh_ov_fountains_minmay, minmay_misc_feat_ornament
Temple:   nicolae_temple_figure_eight
Lair:1:   layout_hall_layers, kennysheep_rathole
Lair:2:   layout_regular_city, palyth_hydra_swamp_entry,
          nicolae_snake_entry_squirm, dreamdust_mushroom_princess, tgw_fedhas,
          uniq_amaemon
Lair:3:   layout_roguey, dpeg_oklob_1
Lair:4:   layout_cave_pods, minmay_slime_entry_jelly_boxes, lookout_lair_type
Lair:5:   guppyfry_lair_end_dragon, layout_regular_city
Swamp:1:  nicolae_swamp_ascending_descending_big, layout_falls_marsh,
          serial_swamp_ruin, evilmike_swamp_ruin_house_1,
          evilmike_swamp_ruin_house_2, evilmike_swamp_ruin_wall
Swamp:2:  layout_falls_marsh, gammafunk_ghost_hydra_chop,
          evilmike_swamp_ruin_house_5
Swamp:3:  nzn_winding_woodlands_small [nzn_winding_woodlands_5x15_default,
          nzn_winding_woodlands_center_lodge,
          nzn_winding_woodlands_5x15_zeroes], layout_basic_swamp,
          evilmike_swamp_ruin_house_6
Swamp:4:  swamp_fiery, layout_basic_swamp
Snake:1:  layout_rooms
Snake:2:  layout_onion, special_room, nicolae_coiled_stairwell_up,
          grunt_megastairs_2, uniq_vashnia, uniq_aizul
Snake:3:  layout_chambers, ebering_ghost_rock_garden, minmay_snake_pond,
          minmay_shop_grove
Snake:4:  minmay_snake_end_coiled, layout_chambers, serial_bayou_lagoon_b,
          uniq_roxanne
Slime:1:  layout_caves
Slime:2:  layout_caves, nicolae_slime_welcoming_committee
Slime:3:  layout_caves
Slime:4:  cheibrodos_slime_lost_civilization_2, layout_caves
Slime:5:  slime_pit_nicolae_royal_road_to_ruin
Orc:1:    layout_caves, serial_shops, shop, mines1_david, uniq_sonja
Orc:2:    st_orc_ogre_mass, layout_diamond_mine, serial_shops,
          nicolae_shop_waterfront, portal_ice_cave_entry_imps
Elf:1:    layout_gridlike, serial_shops, shop, gammafunk_ghost_ooze,
          nicolae_elf_shapeshifter_party, uniq_jorgrun, uniq_azrael
Elf:2:    nicolae_elf_blades_splatter_lattice [mumra_blade_entry_bloodbath],
          layout_geoelf_octagon, serial_shops, shop, st_stairs_10,
          serial_sigils_hangedman_shear
Elf:3:    grunt_elf_hall_asides, layout_loops_corners, serial_shops, shop,
          corexii_checkpoint
Vaults:1: portal_desolation_entry_nicolae_nacl, nicolae_vaults_lightning_bolt,
          dpeg_vaults_pockets_of_resistance, vaults_dpeg_doors,
          nicolae_vaults_network_star, nicolae_vaults_shelves_hall,
          hangedman_vaults_restitches, vaults_dpeg_spiral,
          nicolae_vaults_tetromino_T_1, vaults_room_stairs_pillars,
          nicolae_vaults_diamond_2, layout_vaults_omnicross
Vaults:2: nicolae_vaults_arrows, vaults_room_hallway, hangedman_vaults_stream,
          nicolae_vaults_cornered_office, minmay_crypt_entry_necro_gods,
          nicolae_vaults_offset_grid_hallway_2,
          nicolae_vaults_shipping_containers_1, v_misc_1, hangedman_vaults_maws,
          hangedman_vaults_slice, v_misc_19, hangedman_vaults_corner_blocks,
          layout_vaults_maze, serial_shops, bzr_entry_islet
Vaults:3: nicolae_vaults_tetromino_T_1, nicolae_vaults_mitosis,
          vaults_mumra_chevron, v_alt_pattern_2, nicolae_vaults_double_plus_2,
          nicolae_vaults_frosty_reception, nicolae_vaults_what_the_h,
          ontoclasm_vaults_twist, ontoclasm_vaults_pinch, vaults_mumra_hexcomb,
          ontoclasm_vaults_chip, ontoclasm_vaults_ligature,
          nicolae_vaults_tetromino_L_2, layout_vaults_big_room
Vaults:4: ontoclasm_vaults_tryst, nicolae_vaults_double_plus_1,
          dpeg_vaults_monster_box, st_greater_box_3,
          nicolae_vaults_tetromino_T_2, vaults_dpeg_ring,
          nicolae_vaults_diamond_1, nicolae_vaults_trapezoid_lopsided_3,
          layout_vaults_omnigrid, serial_shops, bzr_in_the_mist, uniq_zenata
Vaults:5: uniq_saint_roka, uniq_xtahua
Crypt:1:  layout_misc_corridors, grunt_crypt_arrival_split
Crypt:2:  layout_regular_city, basic_altar, uniq_bai_suzhen
Crypt:3:  lightli_unholy_cathedral, layout_chaotic_city,
          tomb_entry_simple_bobbens
Depths:1: layout_long_grid, abyss_entry, nicolae_vehumet_altar_sigil,
          rand_demon_pan_entry_9, hell_entry, nicolae_lava_and_water,
          grunt_ministairs_2, drop_trap, glass_columns_b, nicolae_shop_gadgets,
          uniq_mara
Depths:2: regret_index_infernal_bastille, layout_cave_pools, enter_ziggurat_a,
          grunt_hell_entry_dis_mu, grunt_pan_entry_zigzag
Depths:3: kennysheep_cluttered_fort, layout_basic, nicolae_trove_entry_isolated,
          pf_coc_iceberg, rand_demon_pan_entry_8, abyss_entry,
          minmay_mirror_moons_of_madness, serial_bayou_shore_b, uniq_grunn
Depths:4: evilmike_zot_entry_basic, layout_small_grid, abyss_entry_crystal,
          hellmouth_3, uniq_josephina
Hell
Dis:1:    hangedman_dis_decor_blocks_talon, layout_overlapping_boxes
Dis:2:    layout_jigsaw
Geh:1:    layout_gehenna_lava_caves
Geh:2:    layout_gehenna_pools_basic
Geh:3:    layout_gehenna_pools_basic
Geh:4:    layout_gehenna_lava_caves
Geh:5:    layout_gehenna_pools_triple
Geh:6:    layout_gehenna_pools_triple
Geh:7:    geh_grunt_pentagon
Tar:1:    layout_grid_maze
Tar:2:    layout_honeycomb
Tar:3:    layout_grid_maze
Tar:4:    nicolae_tar_entranced, layout_cathedral_of_symmetry

Skill      XL: |  1  2  3  4  5  6  7  8  9 10 11 12 13 14 15 16 17 18 19 20 21 22 23 24 25 26 27 |
---------------+----------------------------------------------------------------------------------+-----
Earth Magic    | 4 5 6 7 9 10 12 13 15 16 18 19 21 23 25 | 25.0
Conjurations   | 2 3 4 5 |  5.0
Spellcasting   | 3 4 5 6 7 9 10 12 13 15 | 15.0
Fighting       | 2 5 7 8 10 11 13 14 15 16 18 22 | 22.8
Armour         | 2 5 7 8 10 14 | 14.0
Dodging        | 2 3 8 |  8.0
Shields        | 2 5 7 8 10 11 13 16 | 16.0
Ice Magic      | 4 6 8 10 11 13 14 15 17 19 21 23 | 23.0
Air Magic      | 3 4 |  4.0
Fire Magic     | 9 15 20 23 24 | 24.0
Stealth        | |  2.1

Action                     |  1- 3 |  4- 6 |  7- 9 | 10-12 | 13-15 | 16-18 | 19-21 | 22-24 | 25-27 || total
---------------------------+-------+-------+-------+-------+-------+-------+-------+-------+-------++-------
  Melee: Whip              |     4 |     2 |    10 |     4 |       |       |       |       |       ||    20
         Spear             |       |       |       |     6 |       |       |       |       |       ||     6
         Hand axe          |       |       |       |    55 |   104 |    36 |     7 |    37 |       ||   239
         Staff             |       |       |       |       |       |       |       |     8 |    73 ||    81
   Cast: Sandblast         |    52 |    62 |   118 |   224 |   339 |    37 |    18 |       |       ||   850
         Stone Arrow       |       |       |    31 |   140 |    42 |    37 |    30 |     6 |    14 ||   300
         Freezing Cloud    |       |       |       |       |    21 |       |     1 |       |       ||    22
         Permafrost Erupti |       |       |       |       |   184 |   466 |   435 |   419 |   734 ||  2238
         Shatter           |       |       |       |       |       |       |    31 |    40 |    73 ||   144
         Blink             |       |       |       |       |       |       |     1 |     2 |     1 ||     4
         Polar Vortex      |       |       |       |       |       |       |       |    33 |    49 ||    82
         Ignition          |       |       |       |       |       |       |       |       |    13 ||    13
  Evoke: Wand              |       |       |       |     5 |       |    12 |       |       |       ||    17
    Use: Scroll            |       |       |    11 |     6 |     4 |     5 |     4 |    13 |     4 ||    47
         Potion            |       |       |       |     1 |     2 |     6 |     3 |     6 |     4 ||    22
 Armour: Robe              |    12 |     2 |    53 |    39 |       |       |       |       |   106 ||   212
         Scale mail        |       |       |       |   103 |       |       |       |       |       ||   103
         Troll leather arm |       |       |       |   141 |   440 |   263 |   120 |   105 |       ||  1069
         Leather armour    |       |       |       |       |       |       |    52 |       |       ||    52
         Pearl dragon scal |       |       |       |       |       |       |       |   184 |   235 ||   419
  Dodge: Dodged            |    10 |    14 |    33 |   123 |   157 |    68 |    56 |    58 |   114 ||   633
  Block: Kite shield       |       |       |    33 |   165 |   230 |       |       |       |       ||   428
         Buckler           |       |       |       |       |    16 |    53 |    37 |    74 |    72 ||   252
         Reflection        |       |       |       |       |     2 |    12 |     7 |     4 |     6 ||    31

Table legend: (Time is in decaauts)
 A = Elapsed time spent in this place.
 B = Non-inter-level travel time spent in this place.
 C = Inter-level travel time spent in this place.
 D = Time resting spent in this place.
 E = Time spent auto-exploring this place.
 F = Levels seen in this place.
 G = Mean time per level.
                   A        B        C        D        E       F      G
               +--------+--------+--------+--------+--------+-----+--------+
         Total |  73554 |  67283 |   6271 |   3593 |  53095 |  71 | 1036.0 |
       Dungeon |  16686 |  14943 |   1743 |    541 |  12404 |  15 | 1112.4 |
        Temple |     26 |      2 |     24 |      0 |      0 |   1 |   26.0 |
          Lair |   8564 |   7755 |    809 |    590 |   6141 |   5 | 1712.8 |
         Swamp |   4878 |   4500 |    378 |    382 |   3532 |   4 | 1219.5 |
     Snake Pit |   5978 |   5835 |    143 |    506 |   4692 |   4 | 1494.5 |
    Slime Pits |   3103 |   2775 |    328 |     79 |   2242 |   5 |  620.6 |
  Orcish Mines |   2043 |   1651 |    392 |      0 |   1109 |   2 | 1021.5 |
   Elven Halls |   4321 |   3921 |    400 |     34 |   3189 |   3 | 1440.3 |
        Vaults |   8029 |   7102 |    927 |    455 |   5549 |   5 | 1605.8 |
         Crypt |   4178 |   3834 |    344 |     91 |   3009 |   3 | 1392.7 |
        Depths |   5870 |   5388 |    482 |    564 |   3954 |   4 | 1467.5 |
          Hell |    801 |    709 |     92 |     52 |    527 |   1 |  801.0 |
           Dis |    261 |    238 |     23 |      0 |    187 |   2 |  130.5 |
       Gehenna |   4100 |   3957 |    143 |      0 |   3551 |   7 |  585.7 |
      Tartarus |    877 |    839 |     38 |      0 |    711 |   4 |  219.2 |
         Abyss |    150 |    150 |      0 |      0 |      0 |   1 |  150.0 |
        Bazaar |     20 |     20 |      0 |      0 |     15 |   1 |   20.0 |
         Trove |     50 |     50 |      0 |      0 |      6 |   1 |   50.0 |
        Bailey |   1855 |   1855 |      0 |      0 |   1192 |   1 | 1855.0 |
      Ice Cave |    789 |    789 |      0 |    299 |    337 |   1 |  789.0 |
    Desolation |    966 |    966 |      0 |      0 |    747 |   1 |  966.0 |
               +--------+--------+--------+--------+--------+-----+--------+

Top non-repeatable levels by time:
Vaults:4: 2392 daAuts
  Lair:4: 2161 daAuts
  Lair:3: 2135 daAuts
 Snake:3: 2077 daAuts
  Bailey: 1855 daAuts
Depths:2: 1831 daAuts
    D:11: 1759 daAuts
 Snake:4: 1722 daAuts
  Lair:5: 1707 daAuts
   Geh:7: 1682 daAuts
    D:14: 1679 daAuts
   Elf:2: 1674 daAuts
     D:9: 1620 daAuts
 Crypt:3: 1550 daAuts
Vaults:2: 1540 daAuts
